cohdb
Replays
Latest Replays
All Replays
Popular Replays
Top Player Replays
Match Explorer
How It Works
Community
CoH3 Stats
Reddit
Sign in to upload your games and track your stats! →
Sign in with Steam
Match 40206106
Unlisted
Match 40206106
Overview
Messages
Build Orders
End
Panzergrenadier Squad
Selects Panzerjäger Kommand Battlegroup
Selects Mine Fields
250 Light Carrier
Panzergrenadier Squad
Construct Light Support Kompanie
Selects Tank Busters
MG34 Team
Fire Support Elements
Assault Grenadier Squad
Assault Mechanized Group
Pak 38 Anti-tank Gun Team
Veteran Squad Leaders
Construct Panzerarmee Kommand
Selects Defensive Positions
Selects Crew Shock Tactics
Armored Reserves
Selects Butterfly Bomb Drop
Butterfly Bomb Drop
Tiger Heavy Tank
Selects Anti-tank Overwatch
Butterfly Bomb Drop
Vehicle Survival Package
Butterfly Bomb Drop
Flakvierling Half-track
Emergency Repair Kits
Tungsten Core Ammunition
Anti-tank Overwatch
Tiger Heavy Tank
Anti-tank Overwatch
Spitzenverdiener
insane
COLYT
Rummel
Adumb
Schmarsten Ca$hgeier
Cheezus
HeyGuys! I_Guess_That's_it
0
0
Comments
sign in to comment!
No comments posted yet!